AoeStats
← A Little Bit of Home

Nomad

509631692Analyzed
2v2 RM · 5d ago on Sep 27, 2026· 33m 21s· 4 players
Game mode
Random Map
Map size
176×176
Population
200
Speed
Normal
Resources
Standard
Victory
Conquest
Starting age
Dark Age
Ending age
Imperial Age
RankedLock teamsTeams togetherTeam positionsShared explorationLock speedFull tech treeHidden civsTurbo modeCheats
Victory
Defeat
🇨🇦 Goths · Canada
1300
+16
🇨🇦 Portuguese · Canada
1300
+16
🇸🇰 Bengalis · Slovakia
1300
-16
🇸🇰 Italians · Slovakia
1297
-16
andreolo
4:50 Loom
12:55 Feudal Age
18:08 Castle Age
27:49 Fletching
27:59 Padded Archer Armor
29:30 Double-Bit Axe
30:25 Stone Mining
30:25 Gold Mining
32:53 Scale Barding Armor
32:58 Forging
Ludoolo
4:22 Loom
13:25 Feudal Age
17:23 Castle Age
16:05 Fletching
19:21 Padded Archer Armor
19:16 Bodkin Arrow
19:23 Padded Archer Armor
Samwise Gamgee
5:59 Loom
10:01 Loom
10:05 Loom
12:23 Feudal Age
18:55 Castle Age
19:07 Forging
24:18 Squires
25:02 Iron Casting
25:52 Scale Mail Armor
31:08 Chain Mail Armor
A Little Bit of Home
9:59 Loom
12:35 Feudal Age
17:11 Fishing Lines
20:44 Castle Age
22:04 Fishing Lines
23:11 Gillnets
24:24 Wheelbarrow
24:00 Double-Bit Axe
24:28 Fletching
34:53 Imperial Age
Connection lost

Rejoining the realm…

Still unreachable

The connection could not be restored.

Session expired

The server has moved on; the page needs a fresh start.